 Dungeon Crawl Stone Soup version 0.17.1-2-g5865329 (webtiles) character file.

70 xeno23 the Skirmisher (level 4, -12/35 HPs)
             Began as a Demonspawn Abyssal Knight on Feb 12, 2016.
             Was a Believer of Lugonu.
             Mangled by Crazy Yiuf
             ... wielding a +4 quarterstaff of chaos
              (14 damage)
             ... on level 3 of the Dungeon.
             The game lasted 00:07:02 (1879 turns).

xeno23 the Skirmisher (Demonspawn Abyssal Knight)   Turns: 1879, Time: 00:07:03

Health: -12/35     AC:  7    Str: 13    XL:     4   Next: 4%
Magic:  0/15       EV: 11    Int: 13    God:    Lugonu [**....]
Gold:   83         SH:  0    Dex: 13    Spells: 0 memorised, 3 levels left

rFire  . . .     SeeInvis .     g - +0 short sword (flame)
rCold  . . .     Clarity  .     v - +0 ring mail
rNeg   . . .     SustAt   .     (no shield)
rPois  .         Gourm    .     (no helmet)
rElec  .         Spirit   +     n - +1 cloak
rCorr  .         Warding  .     (no gloves)
rMut   .         Stasis   .     (no boots)
MR     .....                    b - amulet of guardian spirit
Stlth  ..........               (no ring)
                                f - ring of magical power

@: slowed, very slow, not resistant to hostile enchantments, extremely
unstealthy
A: hooves 2
a: Depart the Abyss, Bend Space, Renounce Religion


You were on level 3 of the Dungeon.
You worshipped Lugonu.
Lugonu was pleased with you.
You were not hungry.

You visited 1 branch of the dungeon, and saw 3 of its levels.
You visited the Abyss 1 time.

You collected 83 gold pieces.

Inventory:

Hand Weapons
 a - a +1 mace
 e - a +0 hunting sling
 g - a +0 short sword of flaming (weapon)
Missiles
 u - 9 poisoned needles
Armour
 n - a +1 cloak (worn)
 v - a +0 ring mail (worn)
Jewellery
 b - an amulet of guardian spirit (around neck)
 f - a ring of magical power (left hand)
Scrolls
 j - a scroll of recharging {unknown}
 l - 2 scrolls of blinking {unknown}
 m - a scroll of enchant weapon {unknown}
 o - 2 scrolls of fear {unknown}
 s - 6 scrolls of identify {unknown}
Potions
 d - 2 potions of lignification {unknown}
 h - a potion of flight {unknown}
 k - 2 potions of heal wounds {unknown}
 p - a potion of resistance {unknown}
 q - a potion of poison {unknown}
 r - 2 potions of degeneration {unknown}
 w - a potion of cancellation {unknown}
Comestibles
 c - 2 bread rations
 i - a beef jerky
 t - 6 chunks of flesh


   Skills:
 * Level 3.2 Fighting
 * Level 2.8 Maces & Flails
 + Level 2.2 Armour
 + Level 1.6 Dodging
 + Level 3.1 Invocations


You had 3 spell levels left.
You didn't know any spells.

Dungeon Overview and Level Annotations

Branches:
Dungeon (3/15)

Altars:

Annotations:
D:3 Crazy Yiuf


Innate Abilities, Weirdness & Mutations

You have hoof-like feet.


Message History

Crazy Yiuf hits you with a quarterstaff of chaos.
You take 4 damage.
You hit Crazy Yiuf. You burn Crazy Yiuf. You kick Crazy Yiuf, but do no damage.
Crazy Yiuf is lightly wounded.
Crazy Yiuf hits you with a quarterstaff of chaos.
You feel yourself slow down.
You take 4 damage.
You barely miss Crazy Yiuf. You kick Crazy Yiuf, but do no damage.
Crazy Yiuf is lightly wounded.
Crazy Yiuf hits you with a quarterstaff of chaos!
You convulse.
You take 11 damage.
You hit Crazy Yiuf. You burn Crazy Yiuf.
Crazy Yiuf is moderately wounded.
Crazy Yiuf hits you with a quarterstaff of chaos.
Crazy Yiuf freezes you.
Crazy Yiuf hits you with a quarterstaff of chaos!
* * * LOW HITPOINT WARNING * * *
You convulse!
You die...

#+..+###.###.....#
#....#
#..####...##
#....#
#..'.......#
###..#
#..####.>.## #.##
#.## ##..# ##.#
### ##.## #.##
#####...# ##.#
#....#.#. #@##
####......#. #g#
#.......###. ...
###.#.##...# #...#
###.#.###### #)..#
#.....# #####
###...# #.....#
### #.....#
#.######.##


You could see Crazy Yiuf.

Vanquished Creatures
  2 adders
  A worm (D:2)
  A ball python (D:1)
  9 hobgoblins
  3 jackals (D:2)
  8 kobolds
  11 bats
  A giant cockroach (D:2)
  5 giant newts
  4 goblins
  4 rats
49 creatures vanquished.

Notes
Turn   | Place    | Note
--------------------------------------------------------------
     0 | Abyss:1  | xeno23 the Demonspawn Abyssal Knight began the quest for the Orb.
     0 | Abyss:1  | Reached XP level 1. HP: 18/18 MP: 2/2
    13 | D:1      | Escaped the Abyss
    68 | D:1      | Reached skill level 1 in Dodging
   250 | D:1      | Gained mutation: You have large cloven feet. [demonic ancestry]
   250 | D:1      | Reached XP level 2. HP: 12/24 MP: 3/3
   548 | D:1      | Reached ** piety under Lugonu
  1152 | D:2      | Gained mutation: You have hoof-like feet. [demonic ancestry]
  1152 | D:2      | Reached XP level 3. HP: 22/29 MP: 5/5
  1728 | D:3      | Reached XP level 4. HP: 21/35 MP: 6/6
  1873 | D:3      | Noticed Crazy Yiuf
  1879 | D:3      | Mangled by Crazy Yiuf

Action                   |  1- 3 |  4- 6 || total
-------------------------+-------+-------++-------
Melee: Mace              |    28 |       ||    28
       Short sword       |   121 |    14 ||   135
  Eat: Chunk             |     3 |       ||     3
